 Dungeon Crawl Stone Soup version 0.30-a0-702-gdf48620a09 (webtiles) character file.

Game seed: 15829828777152384853

211802 hikkokomori the Devastator (level 18, -5/119 HPs)
             Began as a Gargoyle Earth Elementalist on Jan 20, 2023.
             Was the Champion of Vehumet.
             Slain by a merfolk
             ... wielding a +2 spear of flaming
              (10 damage)
             ... on level 2 of the Lair of Beasts on Jan 22, 2023.
             The game lasted 02:01:10 (31700 turns).

hikkokomori the Devastator (GrEE)                  Turns: 31700, Time: 02:01:11

Health: -5/119     AC: 33    Str: 14    XL:     18   Next: 90%
Magic:  15/35      EV: 12    Int: 22    God:    Vehumet [******]
Gold:   2839       SH:  0    Dex:  6    Spells: 8/44 levels left

rFire   . . .      SeeInvis +    g - +1 arbalest (drain)
rCold   + + +      Faith    .    (shield currently unavailable)
rNeg    + . .      Spirit   .    S - +3 leather armour {rC+ rF+}
rPois   ∞          Reflect  .    x - +2 helmet {SInv}
rElec   +          Harm     .    L - +2 cloak {rC+}
rCorr   .          Rampage  .    r - +0 pair of gloves {infuse}
Will    +....                    a - +2 pair of boots {Fly}
Stlth   ++++                     (no amulet)
HPRegen 0.39/turn                h - +4 ring of protection
MPRegen 0.24/turn                n - ring "Izet" {Ice Dex-4 Slay+6}

@: flying
A: sickness immunity, AC +13, big wings, negative energy resistance 1,
electricity resistance, torment resistance 1, petrification resistance
}: 1/15 runes: serpentine
a: Renounce Religion


You were on level 2 of the Lair of Beasts.
You worshipped Vehumet.
Vehumet was exalted by your worship.
You visited 6 branches of the dungeon, and saw 28 of its levels.
You also visited: Ossuary and Ice Cave.

You collected 5871 gold pieces.
You spent 3032 gold pieces at shops.

Inventory:

Hand Weapons
 e - the +9 dagger "Biymn" {drain, rPois rC+ SInv}
   (You found it on level 14 of the Dungeon)

   rC:        It protects you from cold.
   rPois:     It protects you from poison.
   SInv:      It lets you see invisible.
 g - a +1 arbalest of draining (weapon)
 G - a +3 arbalest of freezing
Armour
 a - a +2 pair of boots of flying (worn)
 k - the +3 leather armour "Meclaurph" {Fly rElec Will+ Regen+}
   (You found it on level 2 of the Dungeon)

   rElec:     It insulates you from electricity.
   Fly:       It grants you flight.
   Regen:     It increases your rate of health regeneration.
   Will:      It increases your willpower.
 r - a +0 pair of gloves of infusion (worn)
 x - a +2 helmet of see invisible (worn)
 L - a +2 cloak of cold resistance (worn)
 S - a +3 leather armour of resistance (worn)
Magical Staves
 P - a staff of conjuration
Jewellery
 h - a +4 ring of protection (left hand)
 m - a ring of see invisible
 n - the ring "Izet" (right hand) {Ice Dex-4 Slay+6}
   (You acquired it on level 7 of the Dungeon)

   [ring of ice]

   It enhances your ice magic.
   Dex:       It affects your dexterity (-4).
   Slay:      It affects your accuracy & damage with ranged weapons and melee
   (+6).
   rF:        It makes you vulnerable to fire.
   rC:        It protects you from cold.
 q - a ring of wizardry
 v - the ring of Goel {rElec rN+ rCorr}
   (You found it in an ice cave)

   [ring of resist corrosion]

   rElec:     It insulates you from electricity.
   rN:        It protects you from negative energy.
   rCorr:     It protects you from acid and corrosion.
 M - an amulet of the acrobat
 Q - an amulet of faith
 R - a ring of protection from fire
 W - a +6 ring of dexterity
 Z - a ring of wizardry
Wands
 u - a wand of mindburst (24)
 z - a wand of light (12)
 D - a wand of digging (3)
 I - a wand of polymorph (20)
 O - a wand of flame (48)
 X - a wand of roots (26)
Scrolls
 c - a scroll of blinking
 j - 8 scrolls of teleportation
 l - 7 scrolls of immolation
 s - 4 scrolls of noise
 w - a scroll of silence
 y - a scroll of acquirement
 C - 7 scrolls of fog
 F - 4 scrolls of poison
 H - 2 scrolls of enchant armour
 N - 2 scrolls of fear
 U - 4 scrolls of enchant weapon
 V - a scroll of butterflies
 Y - a scroll of magic mapping
Potions
 b - 5 potions of magic
 d - 4 potions of haste
 f - 8 potions of heal wounds
 i - 7 potions of flight
 o - 12 potions of curing
 p - 2 potions of berserk rage
 t - 6 potions of lignification
 A - 4 potions of attraction
 B - 4 potions of mutation
 E - 2 potions of ambrosia
 J - a potion of invisibility
 K - 3 potions of degeneration
 T - a potion of might


   Skills:
 + Level 15.3 Fighting
 - Level 9.1 Ranged Weapons
 - Level 6.1 Dodging
 - Level 9.5 Stealth
 + Level 13.5 Spellcasting
 + Level 16.4 Conjurations
 + Level 9.0 Summonings
 - Level 0.8 Transmutations
 + Level 7.8 Fire Magic
 - Level 6.0 Ice Magic
 - Level 4.9 Air Magic
 - Level 13.4 Earth Magic
 - Level 4.7 Evocations


You had 8 spell levels left.
You knew the following spells:

 Your Spells              Type           Power      Damage    Failure   Level
a - Sandblast             Erth           100%       2d20      0%          1
b - Stone Arrow           Conj/Erth      100%       3d13      1%          3
c - Freezing Cloud        Conj/Ice/Air   35%        6-21      1%          5
d - Spellforged Servitor  Conj/Summ      31%        N/A       7%          7
e - Orb of Destruction    Conj           36%        9d11      1%          7
f - Fireball              Conj/Fire      31%        3d13      1%          5
g - Lehudib's Crystal Sp  Conj/Erth      34%        10d9      21%         8

Your spell library contained the following spells:

 Spells                   Type           Power      Damage    Failure   Level
 Shatter                  Erth           32%        3d26*     99%         9
 Fire Storm               Conj/Fire      31%        8d8       100%        9
 Polar Vortex             Ice            29%        N/A       100%        9
 Magic Dart               Conj           100%       1d8       0%          1
 Freeze                   Ice            100%       1d10      1%          1
 Call Imp                 Summ           53%        N/A       1%          2
 Momentum Strike          Conj/Tloc      100%       3d10      1%          2
 Passwall                 Tmut/Erth      38%        N/A       1%          2
 Frozen Ramparts          Ice            100%       1d16      1%          3
 Hailstorm                Conj/Ice       77%        3d16      1%          3
 Mephitic Cloud           Conj/Pois/Air  46%        N/A       1%          3
 Animate Armour           Summ/Erth      100%       N/A       1%          4
 Arcjolt                  Conj/Air       29%        1d39      1%          5
 Iskenderun's Battlesphe  Conj           72%        2d12      1%          5
 Lightning Bolt           Conj/Air       29%        1d45      1%          5
 Summon Ice Beast         Ice/Summ       64%        N/A       2%          4
 Beastly Appendage        Tmut           36%        N/A       3%          1
 Petrify                  Tmut/Erth      46%        N/A       3%          4
 Conjure Ball Lightning   Conj/Air       29%        3x3d8     3%          6
 Necrotise                Necr           56%        1d6       5%          1
 Wereblood                Tmut           18%        N/A       6%          2
 Vhi's Electric Charge    Tloc/Air       50%        N/A       6%          3
 Blink                    Tloc           28%        N/A       9%          2
 Lesser Beckoning         Tloc           28%        N/A       9%          2
 Ice Form                 Ice/Tmut       44%        N/A       13%         4
 Spider Form              Tmut/Pois      16%        N/A       14%         3
 Gell's Gravitas          Tloc           14%        N/A       16%         3
 Portal Projectile        Hex/Tloc       28%        N/A       16%         3
 Teleport Other           Tloc           14%        N/A       16%         3
 Tukima's Dance           Hex            14%        N/A       16%         3
 Vampiric Draining        Necr           14%        2d7       16%         3
 Ozocubu's Refrigeration  Ice            29%        4d13      65%         7
 Blade Hands              Tmut           9%         N/A       71%         5
 Agony                    Necr           14%        N/A       83%         5
 Simulacrum               Ice/Necr       21%        N/A       94%         6
 Dispersal                Tloc           7%         N/A       100%        6
 Maxwell's Capacitive Co  Air            18%        ∞         100%        8


Dungeon Overview and Level Annotations

Branches:
Dungeon (15/15)            Temple (1/1) D:5            Lair (5/5) D:9
 Shoals (1/4) Lair:2        Snake (4/4) Lair:3        Slime (0/5) Lair:4
    Orc (2/2) D:11            Elf (0/3) Orc:2        Vaults (0/5) D:13
 Depths (0/4) D:15        Ossuary (visited)           IceCv (visited)

Altars:
Ashenzari
Cheibriados
Dithmenos
Elyvilon
Fedhas
Gozag
Hepliaklqana
Kikubaaqudgha
Makhleb
Nemelex Xobeh
Okawaru
Qazlal
Ru
Sif Muna
Trog
Uskayaw
Vehumet
Wu Jian
Xom
Yredelemnul
Zin
The Shining One
Jiyva
Lugonu

Shops:
D:2 [   D:3 [   D:6 [   D:10 *   D:14 =   D:15 [   Orc:2 ?[[:   Snake:2 [

Annotations:
Lair:1 Viumohe's ghost, journeyman TrMo
Lair:3 2 transporters


Innate Abilities, Weirdness & Mutations

You are immune to sickness and miasma.
Your stone body is resilient. (AC +13)
You are immune to poison.
Your large and strong wings let you fly.
You resist negative energy. (rN+)
You are resistant to electric shocks. (rElec)
You are resistant to unholy torment.
You are immune to petrification.


Message History

The merfolk is heavily wounded.
The fireball engulfs the sea snake!!
You kill the sea snake!
Vehumet accepts your kill.
You feel your power returning. The water elemental hits you!
* * * LOW HITPOINT WARNING * * *
Your spellforged servitor casts a spell at the water elemental.
The crystal spear hits the water elemental!!!
The water elemental is destroyed!
Vehumet accepts your kill. The water engulfing you falls away.
The merfolk closely misses you. x2
Unknown command.
Unknown command.
Unknown command.
You feel much better. The merfolk completely misses you.
The merfolk hits you but does no damage.
Fire: g) +1 arbalest (drain)
Press: ? - help, Shift-Dir - straight line, f/p - merfolk
Aim: a merfolk, wielding a +2 spear of flaming, wearing a +0 robe of fire resistance and wearing a +0 buckler (heavily wounded, 63% to hit)
You shoot a bolt. The bolt hits the merfolk!
You drain the merfolk.
The merfolk is severely wounded.
Your spellforged servitor gestures at the merfolk while chanting.
The merfolk blocks the crystal spear.
The merfolk closely misses you.
The merfolk hits you from afar with a +2 spear of flaming.
* * * LOW HITPOINT WARNING * * *
The merfolk burns you.
* * * LOW HITPOINT WARNING * * *
Your magical contamination has completely faded away.
Fire: g) +1 arbalest (drain)
Press: ? - help, Shift-Dir - straight line, f/p - merfolk
Aim: a merfolk, wielding a +2 spear of flaming, wearing a +0 robe of fire resistance and wearing a +0 buckler (severely wounded, lightly drained, ally target, 63% to hit)
You shoot a bolt. The bolt hits the merfolk!
The merfolk is almost dead.
The merfolk hits you from afar with a +2 spear of flaming!
* * * LOW HITPOINT WARNING * * *
The merfolk burns you.
* * * LOW HITPOINT WARNING * * *
The merfolk hits you but does no damage.
The merfolk hits you from afar with a +2 spear of flaming!
You die...

....#.#......#...P.#######..#
#....##......P..............#
........._..................#
............................#
............................##
..................[..........#
................m>9.........###
.................†$...........#
....#.+#..#....m@...........###
....##...###.....####..##...P#
....##.....##.....##..####..P#
....##.....+......#.....##...#
....##.....##....##.....P#..##
....###.#P..#.....#.....##..#
....###.##P.#....##.....##..#
.................#####.##...#
.................#...#.##...##


You could see 2 merfolk and a friendly spellforged servitor (summoned).

Vanquished Creatures
  A golden dragon (IceCv)
  2 nagarajas
  A frost giant (D:15)
  An orc warlord (Orc:2)
  A very ugly thing (Snake:1)
  Snorg (Orc:1)
  Josephine (Lair:5)
  5 ice dragons (IceCv)
  A rakshasa (D:13)
  2 hydras (D:15)
  5 salamander tyrants
  Erolcha (Orc:2)
  4 catoblepae (Lair:5)
  6 centaur warriors
  5 anacondas
  An ogre mage (D:15)
  Erica (D:8)
  A death knight (D:13)
  4 boulder beetles
  10 two-headed ogres
  7 death yaks (Lair:5)
  15 naga warriors
  6 shock serpents
  2 tengu warriors (D:15)
  An orc high priest (Orc:2)
  20 naga sharpshooters
  9 salamander mystics
  A sea snake (Lair:2)
  3 naga ritualists
  An orange crystal statue (IceCv)
  A wizard (D:15)
  2 deep elf zephyrmancers (Orc:2)
  A lindwurm (D:13)
  A phantasmal warrior (D:13)
  6 orc knights
  3 orc sorcerers
  A harpy (shapeshifter) (D:13)
  2 harpies
  2 deep elf pyromancers
  9 mana vipers
  16 salamanders
  23 ugly things
  6 manticores
  Maurice (Orc:2)
  5 cyclopes
  18 elephants
  31 black mambas
  16 naga magi
  5 storm dragon simulacra (IceCv)
  A gargoyle (D:12)
  20 cane toads
  5 guardian serpents
  6 rime drakes
  6 komodo dragons
  An efreet (D:15)
  A yaktaur (shapeshifter) (D:13)
  2 kobold demonologists (D:10)
  6 golden dragon simulacra (IceCv)
  A troll (shapeshifter) (D:15)
  8 trolls
  2 merfolk
  3 meliai (D:14)
  2 polar bears
  2 polar bears (shapeshifter)
  2 wind drakes (shapeshifter) (D:14)
  Grinder (D:5)
  19 blink frogs
  8 dream sheep
  6 slime creatures
  2 shadows
  A spriggan (Lair:5)
  4 wyverns
  10 wraiths
  71 yaks
  A fire bat (Shoals:1)
  A human (D:11)
  4 basilisks
  A water elemental (D:13)
  A steam dragon (D:7)
  39 nagas
  2 acid dragons
  8 wargs
  17 water moccasins
  3 ice beasts
  3 sky beasts (D:7)
  A swamp drake (Orc:2)
  A black bear (D:8)
  5 ice dragon simulacra (IceCv)
  45 orc warriors
  19 centaurs
  7 wolves
  13 ogres
  4 kobold brigands
  An elf zombie (Ossuary)
  15 bullfrogs
  2 necrophages
  6 scorpions
  2 gnoll sergeants
  5 wights (D:8)
  17 killer bees
  5 lindwurm simulacra (IceCv)
  An electric eel (D:13)
  A howler monkey (D:6)
  A crimson imp (Orc:2)
  14 orc priests
  3 gnoll boudas
  7 hounds
  4 iron imps
  4 jellies
  10 iguanas
  18 orc wizards
  4 mummies
  6 adders
  29 gnolls
  A shadow imp (Orc:2)
  3 white imps
  A worm (D:2)
  4 dart slugs
  122 orcs
  6 endoplasms
  10 hobgoblins
  6 jackals
  15 kobolds
  4 quokkas
  8 ball pythons
  4 bats
  6 frilled lizards
  7 goblins
  3 goblin zombies (Ossuary)
  6 hobgoblin zombies (Ossuary)
  A kobold zombie (Ossuary)
  An orc zombie (Ossuary)
  5 rats
  A spectral orc (D:6)
  3 bushes
  2 butterflies (Lair:4)
1007 creatures vanquished.

Vanquished Creatures (collateral kills)
  The ghost of Ocirch the Deadly Accurate, an adept DsGl of Dithmenos (Snake:1)
  2 nagarajas
  Donald (Snake:2)
  A merfolk impaler (Shoals:1)
  2 salamander tyrants
  3 anacondas
  A merfolk aquamancer (Lair:2)
  3 naga warriors
  10 naga sharpshooters
  A shock serpent (Snake:4)
  3 salamander mystics (Snake:4)
  2 sea snakes (Shoals:1)
  5 naga ritualists
  A harpy (Shoals:1)
  4 mana vipers
  4 salamanders
  3 guardian serpents
  A merfolk siren (Shoals:1)
  4 black mambas
  5 naga magi
  3 nameless horrors (Snake:3)
  2 merfolk (Shoals:1)
  A wind drake (Shoals:1)
  2 water elementals (Lair:2)
  A fire bat (Shoals:1)
  13 nagas
  A gnoll (D:6)
80 creatures vanquished.

Vanquished Creatures (others)
  A gnoll (D:6)
  25 fungi
  34 plants
60 creatures vanquished.

Grand Total: 1147 creatures vanquished

Notes
Turn   | Place    | Note
-------+----------+-------------------------------------------
     0 | D:1      | hikkokomori the Gargoyle Earth Elementalist began the quest
                  | for the Orb.
     0 | D:1      | Reached XP level 1. HP: 10/10 MP: 3/3
   150 | D:1      | Reached XP level 2. HP: 16/16 MP: 5/5
   339 | D:1      | Reached skill level 1 in Fighting
   573 | D:2      | Reached XP level 3. HP: 20/20 MP: 2/6
   633 | D:2      | Found Zijuvaag's Armour Shop.
   928 | D:2      | Reached XP level 4. HP: 26/26 MP: 8/8
  1210 | D:2      | Identified the +3 leather armour "Meclaurph" {Fly rElec
                  | Will+ Regen+}
  1226 | D:2      | Learned a level 3 spell: Stone Arrow
  1418 | D:3      | Found Kifefies's Antique Armour Boutique.
  1593 | D:3      | Reached XP level 5. HP: 31/31 MP: 4/9
  1595 | D:3      | Reached skill level 1 in Conjurations
  1871 | D:3      | Reached skill level 5 in Earth Magic
  2312 | D:3      | Found a faded altar of an unknown god.
  2385 | D:3      | Reached XP level 6. HP: 35/37 MP: 7/11
  2497 | D:4      | Reached skill level 2 in Conjurations
  2611 | D:4      | Found a basalt altar of Yredelemnul.
  2662 | D:4      | Found a stormy altar of Qazlal.
  2877 | D:4      | Found a hide-covered altar of Uskayaw.
  2881 | D:4      | Reached XP level 7. HP: 42/42 MP: 5/12
  2935 | D:4      | Reached skill level 3 in Conjurations
  3311 | D:4      | Found a shimmering blue altar of Sif Muna.
  3311 | D:4      | Found a white marble altar of Elyvilon.
  3438 | D:5      | Entered Level 5 of the Dungeon
  3538 | D:5      | Found a hide-covered altar of Uskayaw.
  3671 | D:5      | Noticed Grinder
  3676 | D:5      | Killed Grinder
  3677 | D:5      | Reached skill level 4 in Conjurations
  3677 | D:5      | Reached XP level 8. HP: 48/48 MP: 10/14
  3776 | D:5      | Found a staircase to the Ecumenical Temple.
  3795 | Temple   | Entered the Ecumenical Temple
  3840 | Temple   | Became a worshipper of Vehumet
  3886 | D:5      | Reached skill level 5 in Fighting
  3943 | D:5      | Found an ornate altar of the Wu Jian Council.
  4329 | D:5      | Found a sparkling altar of Nemelex Xobeh.
  4466 | D:5      | Reached skill level 5 in Spellcasting
  4738 | D:6      | Found Xigol's Antique Armour Emporium.
  4742 | D:6      | Reached skill level 5 in Conjurations
  4886 | D:6      | Bought a runed hat for 168 gold pieces
  4909 | D:6      | Reached * piety under Vehumet
  4909 | D:6      | Offered knowledge of Kiss of Death by Vehumet.
  4910 | D:6      | Reached XP level 9. HP: 55/55 MP: 10/17
  5179 | D:6      | Found a sand-covered staircase.
  5190 | Ossuary  | Entered an ossuary
  5968 | D:6      | Found a snail-covered altar of Cheibriados.
  5972 | D:6      | Offered knowledge of Poisonous Vapours by Vehumet.
  6128 | D:6      | Found a hazy altar of Hepliaklqana.
  6133 | D:6      | Reached ** piety under Vehumet
  6201 | D:7      | Reached skill level 6 in Conjurations
  6588 | D:7      | Found a burning altar of Makhleb.
  6820 | D:6      | Reached skill level 7 in Conjurations
  6820 | D:6      | Reached XP level 10. HP: 63/63 MP: 11/20
  7078 | D:7      | Found an opulent altar of Gozag.
  7182 | D:7      | Reached XP level 11. HP: 68/68 MP: 21/21
  7323 | D:7      | Identified a scroll of acquirement
  7323 | D:7      | Acquired the ring "Izet" {Ice Dex-4 Slay+6}
  7389 | D:8      | Noticed Erica
  7396 | D:8      | Killed Erica
  7396 | D:8      | Offered knowledge of Dazzling Flash by Vehumet.
  7534 | D:8      | Noticed a two-headed ogre
  7538 | D:8      | Killed a two-headed ogre
  7622 | D:8      | Reached *** piety under Vehumet
  7851 | D:8      | Reached skill level 10 in Earth Magic
  8105 | D:8      | Found a bloodstained altar of Trog.
  8108 | D:8      | Reached skill level 8 in Conjurations
  8385 | D:9      | Offered knowledge of Kindle Blastsparks by Vehumet.
  8486 | D:9      | Found an ancient bone altar of Kikubaaqudgha.
  8531 | D:9      | Found a broken altar of Ashenzari.
  8754 | D:8      | Reached **** piety under Vehumet
  9004 | D:9      | Found a staircase to the Lair.
  9142 | D:9      | Acquired 959 gold pieces
  9155 | D:10     | Entered Level 10 of the Dungeon
  9343 | D:10     | Noticed a two-headed ogre
  9353 | D:10     | Killed a two-headed ogre
  9422 | D:10     | Reached XP level 12. HP: 76/76 MP: 24/24
  9458 | D:10     | Offered knowledge of Freezing Cloud by Vehumet.
  9472 | D:10     | Learned a level 5 spell: Freezing Cloud
  9693 | D:10     | Reached skill level 1 in Ice Magic
  9710 | D:10     | Found Ziof's Assorted Antiques.
  9741 | D:10     | Reached skill level 1 in Air Magic
  9886 | D:10     | Found a shadowy altar of Dithmenos.
 10018 | D:10     | Identified the +3 war axe of Couck {freeze, rN+ MP+9}
 10353 | D:11     | Reached ***** piety under Vehumet
 10358 | D:11     | Offered knowledge of Lightning Bolt by Vehumet.
 10369 | D:11     | Reached skill level 10 in Fighting
 10544 | D:11     | Noticed a two-headed ogre
 10551 | D:11     | Killed a two-headed ogre
 10586 | D:11     | Found a staircase to the Orcish Mines.
 10829 | Lair:1   | Entered Level 1 of the Lair of Beasts
 10836 | Lair:1   | Learned a level 5 spell: Lightning Bolt
 10836 | Lair:1   | Upgraded the game from 0.30-a0-691-g754fce4c43 to
                  | 0.30-a0-702-gdf48620a09
 10851 | Lair:1   | Reached skill level 9 in Conjurations
 11390 | Lair:1   | Reached skill level 5 in Ice Magic
 11505 | Lair:1   | Reached XP level 13. HP: 74/84 MP: 25/25
 11876 | Lair:1   | Found a runed translucent door.
 12195 | Lair:1   | Noticed Viumohe's ghost (journeyman TrMo)
 12437 | Lair:2   | Found an ornate altar of the Wu Jian Council.
 12444 | Lair:2   | Acquired 828 gold pieces
 12457 | Lair:2   | Found a staircase to the Shoals.
 12691 | Lair:2   | Reached skill level 10 in Conjurations
 12923 | Lair:2   | Learned a level 7 spell: Orb of Destruction
 12929 | Lair:2   | Learned a level 5 spell: Fireball
 13352 | Lair:3   | Reached skill level 1 in Ranged Weapons
 13352 | Lair:3   | Reached skill level 1 in Fire Magic
 13540 | Lair:3   | Found a staircase to the Snake Pit.
 13722 | Lair:3   | Found a transporter.
 13724 | Lair:3   | Found a transporter.
 13943 | Lair:3   | Acquired 878 gold pieces
 14155 | Orc:1    | Entered Level 1 of the Orcish Mines
 14289 | Orc:1    | Offered knowledge of Arcjolt by Vehumet.
 14291 | Orc:1    | Reached skill level 1 in Evocations
 14758 | Orc:2    | Entered Level 2 of the Orcish Mines
 14765 | Orc:2    | Noticed an orc warlord
 14766 | Orc:2    | Noticed Erolcha
 14769 | Orc:2    | Killed Erolcha
 14914 | Orc:2    | Found a staircase to the Elven Halls.
 14962 | Orc:2    | Noticed Maurice
 14966 | Orc:2    | Killed Maurice
 14971 | Orc:2    | Gained mutation: Your large and strong wings let you fly.
                  | [Gargoyle growth]
 14971 | Orc:2    | Reached XP level 14. HP: 91/91 MP: 15/26
 14980 | Orc:2    | Reached skill level 11 in Conjurations
 15213 | Orc:2    | Offered knowledge of Spellforged Servitor by Vehumet.
 15255 | Orc:2    | Reached ****** piety under Vehumet
 15292 | Orc:2    | Found Nouxudgh's Antique Armour Boutique.
 15292 | Orc:2    | Found Icvob's Antique Armour Shoppe.
 15314 | Orc:2    | Found Xyorobeo's Book Shop.
 15321 | Orc:2    | Killed an orc warlord
 15349 | Orc:2    | Reached skill level 5 in Ranged Weapons
 15349 | Orc:2    | Reached skill level 5 in Fire Magic
 15529 | Orc:2    | Found Fopruow's Magic Scroll Emporium.
 15553 | Orc:2    | Bought a pair of embroidered boots for 210 gold pieces
 15553 | Orc:2    | Bought a tattered robe for 159 gold pieces
 15553 | Orc:2    | Identified the +0 robe "Nakerch" {rPois} (You bought it in
                  | a shop on level 2 of the Orcish Mines)
 15594 | Orc:2    | Bought a scroll of poison for 56 gold pieces
 15594 | Orc:2    | Bought a scroll of enchant weapon for 105 gold pieces
 15594 | Orc:2    | Bought a scroll of magic mapping for 105 gold pieces
 15594 | Orc:2    | Bought a scroll of identify for 28 gold pieces
 15609 | Orc:2    | Learned a level 7 spell: Spellforged Servitor
 15609 | Orc:2    | Bought Maxwell's Memoranda for 532 gold pieces
 15609 | Orc:2    | Bought a book of Spatial Translocations for 252 gold pieces
 15611 | Orc:2    | Bought a bloodstained chain mail for 256 gold pieces
 15611 | Orc:2    | Identified the +1 chain mail of the Three Priests {+Blink
                  | rN+} (You bought it in a shop on level 2 of the Orcish
                  | Mines)
 15611 | Orc:2    | Bought a shiny helmet for 202 gold pieces
 15611 | Orc:2    | Bought a fine leather armour for 189 gold pieces
 15611 | Orc:2    | Identified the +3 leather armour of Ixzy {Str+3} (You
                  | bought it in a shop on level 2 of the Orcish Mines)
 16074 | Orc:1    | Noticed Snorg
 16079 | Orc:1    | Killed Snorg
 16786 | Lair:4   | Found a viscous altar of Jiyva.
 16786 | Lair:4   | Found a staircase to the Slime Pits.
 16873 | Lair:4   | Identified the +6 battleaxe of Luadefuo {venom, Stlth+}
 17271 | Lair:5   | Entered Level 5 of the Lair of Beasts
 17271 | Lair:5   | Noticed Josephine
 17283 | Lair:4   | Offered knowledge of Starburst by Vehumet.
 17441 | Lair:5   | Reached skill level 12 in Conjurations
 17767 | Lair:5   | Reached XP level 15. HP: 88/96 MP: 20/27
 18020 | Lair:5   | Killed Josephine
 18792 | Lair:5   | Offered knowledge of Ozocubu's Refrigeration by Vehumet.
 19268 | D:12     | Reached skill level 10 in Spellcasting
 20270 | D:13     | Reached skill level 13 in Conjurations
 20270 | D:13     | Reached skill level 1 in Summonings
 20721 | D:13     | Found a gate to the Vaults.
 20965 | D:14     | Identified the +9 dagger "Biymn" {drain, rPois rC+ SInv}
 21302 | D:14     | Found Fausepoc's Jewellery Emporium.
 21328 | D:14     | Reached XP level 16. HP: 95/101 MP: 30/30
 21673 | D:15     | Entered Level 15 of the Dungeon
 21858 | D:15     | Found a glowing silver altar of Zin.
 21858 | D:15     | Found a glowing golden altar of the Shining One.
 21858 | D:15     | Found a white marble altar of Elyvilon.
 22572 | D:15     | Found Uhutwaock's Antique Armour Emporium.
 22578 | D:15     | Bought a glowing troll leather armour for 504 gold pieces
 22578 | D:15     | Bought a smelly chain mail for 266 gold pieces
 22578 | D:15     | Identified the +0 chain mail "Ovif" {+Inv Int+3 Dex+2} (You
                  | bought it in a shop on level 15 of the Dungeon)
 22750 | D:15     | Found a staircase to the Depths.
 23104 | Lair:3   | Learned a level 7 spell: Ozocubu's Refrigeration
 23116 | Snake:1  | Entered Level 1 of the Snake Pit
 23129 | Snake:1  | Reached skill level 14 in Conjurations
 23252 | Snake:1  | Offered knowledge of Lee's Rapid Deconstruction by Vehumet.
 23299 | Snake:1  | Reached skill level 5 in Summonings
 23300 | Snake:1  | Identified the +7 rapier "Soddats" {venom, Dex+4}
 23382 | Snake:1  | Found a frozen archway.
 23391 | IceCv    | Entered an ice cave
 24102 | IceCv    | Noticed a golden dragon
 24147 | IceCv    | Killed a golden dragon
 24301 | IceCv    | Identified the ring of Goel {rElec rN+ rCorr}
 24357 | IceCv    | Offered knowledge of Ignition by Vehumet.
 24358 | IceCv    | Reached XP level 17. HP: 88/109 MP: 18/32
 24370 | IceCv    | Identified the +3 scimitar of Classification {freeze,
                  | Dex+5}
 24759 | Snake:1  | Found a runed translucent door.
 24760 | Snake:1  | Noticed Ocirch's ghost (adept DsGl)
 24819 | Snake:1  | Learned a level 8 spell: Lehudib's Crystal Spear
 24952 | Snake:1  | Identified the +4 glaive of Reiciu Geus {protect, rF+ Str+4
                  | Int-4}
 25316 | Snake:1  | Identified the +14 chain mail "Qamoliof" {Str+3 Dex+3
                  | Stlth+}
 25659 | Snake:1  | Killed Ocirch's ghost
 25807 | Snake:2  | Reached skill level 15 in Conjurations
 25916 | Snake:2  | Found Ugestric's Armour Shoppe.
 26022 | Snake:2  | Noticed Donald
 26027 | Snake:2  | Killed Donald
 27823 | Snake:3  | Offered knowledge of Fire Storm by Vehumet.
 27823 | Snake:3  | Offered knowledge of Shatter by Vehumet.
 27823 | Snake:3  | Offered knowledge of Polar Vortex by Vehumet.
 28506 | Snake:3  | Reached XP level 18. HP: 116/117 MP: 34/34
 29396 | Snake:4  | Entered Level 4 of the Snake Pit
 29509 | Snake:4  | Found a shimmering blue altar of Sif Muna.
 30164 | Snake:4  | Reached skill level 16 in Conjurations
 30329 | Snake:4  | Reached skill level 15 in Fighting
 30645 | Snake:4  | Got a serpentine rune of Zot
 31213 | Shoals:1 | Entered Level 1 of the Shoals
 31700 | Lair:2   | HP: 5/119 [merfolk/+2 spear of flaming (3)]
 31700 | Lair:2   | Slain by a merfolk

Illustrated notes

Levels and vault maps discovered:
D:1:      dpeg_arrival_solitude, layout_rooms
D:2:      layout_basic, serial_shops, nicolae_shop_waterfront
D:3:      layout_basic, hellmonk_ecumenical_altar_inner_sanctum, serial_shops,
          nicolae_shop_behind_doors, interstate_on_off
D:4:      layout_cave_pools, old_standard_altar, grunt_qazlal_clouds,
          gammafunk_temple_overflow_wave, minmay_ruined_shrine
D:5:      layout_basic, kennysheep_little_box, amcnicky_altar_gilded,
          nicolae_wu_jian_immortal_techniques, minmay_temple_entry_ruins,
          uniq_grinder
D:6:      layout_rooms, slow_altar_2, nicolae_hepliaklqana_monster_ancestors,
          enter_ossuary_2, serial_shops, nicolae_shop_crystal
D:7:      layout_rooms, demons_altar, lemuel_doored_altar
D:8:      layout_loops_ring, trog_butcher_becter, uniq_erica
D:9:      layout_cave_pools, nicolae_ashenzari_panopticon,
          mainiacjoe_overflow_six_doors_small, david_lair_generic
D:10:     layout_rooms, grunt_dithmenos_shadows, serial_shops,
          nicolae_shop_trees, special_room [special_room_orc],
          minmay_misc_feat_square
D:11:     layout_rooms, erik_orc_4, nrook_guardian_serpent_ordinary
D:12:     layout_big_octagon
D:13:     layout_basic, david_vaults_4
D:14:     layout_loops_ring, serial_park_tiny_2, serial_shops,
          nicolae_shop_waterfront
D:15:     grunt_enter_depths_snipers, layout_loops_ring, serial_shops,
          nicolae_shop_behind_doors, good_gods_temple_1
Temple:   corrupted_temple
Lair:1:   layout_roguey, ebering_ghost_reflecting_pool,
          cheibrodos_lair_caveside_slide, beast_lair_carwin_9
Lair:2:   layout_regular_city, shoals_dummy_entry, basic_altar,
          infiniplex_staircase_pool
Lair:3:   gammafunk_boulding_lane, layout_chaotic_city,
          guppyfry_snake_entry_island, lemuel_fruit_tree
Lair:4:   layout_roguey, slime_entry_1, lemuel_fruit_fields,
          serial_bayou_shore_b
Lair:5:   evilmike_catoblepas_cave, layout_hall_layers,
          grunt_forest_large_clearing_hut, grunt_megastairs_3, uniq_josephine
Shoals:1: layout_shoals, hangedman_shoal_volcano
Snake:1:  layout_misc_corridors, portal_ice_cave_entry_ugly_swarm,
          ebering_ghost_inner_flame, drop_trap, st_stairs_5,
          nicolae_snake_storage_room
Snake:2:  layout_gridlike, serial_shops, shop, nicolae_triple_integral,
          uniq_donald
Snake:3:  layout_chambers, st_stairs_3, grunt_ministairs_9, serial_bayou_shore_b
Snake:4:  johnstein_snake_rune_scales, layout_cave_town, lemuel_altar_in_water2
Orc:1:    layout_caves, uniq_snorg
Orc:2:    st_orc_rangers, layout_diamond_mine, hangedman_minor_magic,
          uniq_maurice, uniq_erolcha

Skill      XL: |  1  2  3  4  5  6  7  8  9 10 11 12 13 14 15 16 17 18 |
---------------+-------------------------------------------------------+-----
Fighting       | 1 2 3 4 6 7 8 9 11 13 14 15 | 15.3
Earth Magic    | 4 5 6 7 9 10 12 13 | 13.4
Spellcasting   | 3 4 5 6 7 8 10 11 12 13 | 13.5
Conjurations   | 1 2 4 5 7 8 9 10 12 13 14 15 16 | 16.4
Dodging        | 6 |  6.1
Stealth        | 8 9 |  9.5
Ice Magic      | 5 6 |  6.0
Air Magic      | 4 |  4.9
Ranged Weapons | 3 6 9 |  9.1
Fire Magic     | 3 6 7 |  7.8
Evocations     | 2 4 |  4.7
Summonings     | 2 5 7 9 |  9.0
Transmutations | |  0.8

Action                   |  1- 3 |  4- 6 |  7- 9 | 10-12 | 13-15 | 16-18 || total
-------------------------+-------+-------+-------+-------+-------+-------++-------
Melee: Unarmed           |     6 |       |       |       |       |       ||     6
 Fire: Arbalest          |    27 |    81 |   190 |   394 |   728 |   717 ||  2137
 Cast: Sandblast         |    30 |    70 |    44 |    24 |       |       ||   168
       Stone Arrow       |       |     2 |    65 |    78 |    19 |    11 ||   175
       Freezing Cloud    |       |       |       |    11 |   164 |   134 ||   309
       Lightning Bolt    |       |       |       |     6 |     8 |       ||    14
       Fireball          |       |       |       |       |    18 |    46 ||    64
       Orb of Destructio |       |       |       |       |     4 |     4 ||     8
       Spellforged Servi |       |       |       |       |       |    33 ||    33
Evoke: Wand              |       |       |     4 |       |     3 |     4 ||    11
  Use: Scroll            |       |     5 |     3 |    13 |    12 |     9 ||    42
       Potion            |       |       |       |     1 |       |     7 ||     8
Armor: Robe              |     8 |     4 |       |       |       |       ||    12
       Leather armour    |       |    67 |    79 |   345 |   278 |   417 ||  1186
Dodge: Dodged            |    12 |    76 |    96 |   379 |   269 |   321 ||  1153

Table legend: (Time is in decaauts)
 A = Elapsed time spent in this place.
 B = Non-inter-level travel time spent in this place.
 C = Inter-level travel time spent in this place.
 D = Time resting spent in this place.
 E = Time spent auto-exploring this place.
 F = Levels seen in this place.
 G = Mean time per level.
                   A        B        C        D        E       F      G
               +--------+--------+--------+--------+--------+-----+--------+
         Total |  33281 |  31870 |   1411 |   4167 |  20429 |  30 | 1109.4 |
       Dungeon |  14965 |  14262 |    703 |    783 |  10362 |  15 |  997.7 |
        Temple |     59 |     45 |     14 |      0 |     24 |   1 |   59.0 |
          Lair |   7040 |   6553 |    487 |   1504 |   3782 |   5 | 1408.0 |
        Shoals |    135 |    135 |      0 |      0 |     73 |   1 |  135.0 |
     Snake Pit |   7139 |   6981 |    158 |    859 |   4527 |   4 | 1784.8 |
  Orcish Mines |   2085 |   2037 |     48 |    364 |    927 |   2 | 1042.5 |
       Ossuary |    791 |    791 |      0 |    100 |    523 |   1 |  791.0 |
      Ice Cave |   1064 |   1064 |      0 |    556 |    210 |   1 | 1064.0 |
               +--------+--------+--------+--------+--------+-----+--------+

Top non-repeatable levels by time:
 Snake:2: 1939 daAuts
 Snake:3: 1914 daAuts
  Lair:1: 1898 daAuts
 Snake:4: 1752 daAuts
 Snake:1: 1531 daAuts
  Lair:4: 1400 daAuts
  Lair:5: 1398 daAuts
  Lair:2: 1391 daAuts
   Orc:2: 1335 daAuts
    D:10: 1289 daAuts
    D:15: 1283 daAuts
     D:3: 1253 daAuts
     D:8: 1227 daAuts
     D:5: 1138 daAuts
     D:6: 1137 daAuts
